 Dungeon Crawl Stone Soup version 0.28-a0-69-g49dcd67cf8 (webtiles) character file.

Game seed: 10814940220447524391

130 emm the Chopper (level 4, -2/34 HPs)
             Began as a Demonspawn Gladiator on July 31, 2021.
             Slain by a kobold brigand (6 damage)
             ... on level 4 of the Dungeon.
             The game lasted 00:04:39 (2322 turns).

emm the Chopper (Demonspawn Gladiator)              Turns: 2322, Time: 00:04:40

Health: -2/34      AC:  6    Str: 12 (15) XL:     4   Next: 90%
Magic:  4/4        EV: 12    Int:  8 (9)  God:
Gold:   109        SH:  4    Dex: 12 (15) Spells: 3/3 levels left

rFire   . . .      SeeInvis .   a - +0 war axe
rCold   . . .      Faith    .   (no shield)
rNeg    . . .      Spirit   .   j - +0 troll leather armour
rPois   +          Reflect  .   c - +0 helmet
rElec   .          Harm     +   o - scarf {harm}
rCorr   .          Rampage  .   (no gloves)
Will    .....                   m - +0 pair of boots
Stlth   +.........              (no amulet)
HPRegen 1.11/turn               i - ring of poison resistance
MPRegen 0.09/turn               (no ring)

@: no status effects
A: spiny 1, condensation shield
a: no special abilities


You were on level 4 of the Dungeon.
You visited 1 branch of the dungeon, and saw 4 of its levels.

You collected 109 gold pieces.

Inventory:

Hand Weapons
 a - a +0 war axe (weapon)
Missiles
 d - 3 throwing nets (quivered)
Armour
 b - a +0 leather armour
 c - a +0 helmet (worn)
 j - a +0 troll leather armour (worn)
 m - a +0 pair of boots (worn)
 o - a scarf of harm (worn)
Jewellery
 i - a ring of poison resistance (left hand)
Wands
 k - a wand of polymorph (11)
 q - a wand of flame (10)
Scrolls
 e - a scroll of noise {unknown}
 g - a scroll of summoning {unknown}
 h - 3 scrolls of teleportation {unknown}
 n - a scroll of amnesia {unknown}
Potions
 f - a potion of degeneration
 l - a potion of lignification {unknown}
 p - a potion of heal wounds {unknown}


   Skills:
 + Level 2.8 Fighting
 + Level 3.5 Axes
 + Level 2.0 Throwing
 + Level 1.7 Armour
 + Level 3.3 Dodging
 + Level 0.2 Stealth
 + Level 0.3 Shields


You had 3 spell levels left.
You didn't know any spells.
Your spell library contained the following spells:

 Spells                   Type           Power      Damage    Failure   Level
 Static Discharge         Conj/Air       0%         N/A       63%         2
 Lightning Bolt           Conj/Air       0%         1d11      100%        5
 Maxwell's Capacitive Co  Air            0%         ∞         100%        8


Dungeon Overview and Level Annotations

Branches:
Dungeon (4/15)
 Temple: D:4-7

Altars:


Innate Abilities, Weirdness & Mutations

You are partially covered in sharp spines.
A meltable shield of frost defends you. (SH +4)


Message History

Aiming: Polymorph
Press: ? - help, Shift-Dir - straight line, f - kobold brigand
Aim: a kobold brigand, wielding a +0 dagger and quivering curare-tipped darts (lightly wounded, will become a hound, a naga, or a hornet, chance to affect: 46%)
The kobold brigand resists with some effort.
The kobold brigand is struck by your spines.
The kobold brigand hits you but does no damage.
Unknown command.
Aiming: Throw Flame
Press: ? - help, Shift-Dir - straight line, f/p - kobold brigand
Aim: a kobold brigand, wielding a +0 dagger and quivering curare-tipped darts (lightly wounded, 60% to hit)
The puff of flame hits the kobold brigand.
The kobold brigand is moderately wounded.
You block the kobold brigand's attack.
You hit the kobold brigand.
The kobold brigand is moderately wounded.
The kobold brigand is struck by your spines.
The kobold brigand hits you with a +0 dagger!
* * * LOW HITPOINT WARNING * * *
The kobold brigand is struck by your spines.
The kobold brigand closely misses you.
You miss the kobold brigand.
The kobold brigand is heavily wounded.
The kobold brigand is struck by your spines.
The kobold brigand hits you with a +0 dagger.
* * * LOW HITPOINT WARNING * * *
You closely miss the kobold brigand.
The kobold brigand is heavily wounded.
The kobold brigand completely misses you.
Unknown command.
It was a potion of degeneration.
There was something very wrong with that liquid.
You feel weakened.
You feel dopey.
You feel clumsy. You block the kobold brigand's attack.
You slash the kobold brigand!
The kobold brigand is almost dead.
The kobold brigand hits you with a +0 dagger.
* * * LOW HITPOINT WARNING * * *
The kobold brigand is struck by your spines.
The kobold brigand hits you with a +0 dagger.
You die...

#.. #.### #...#
#..## #...## ##
#....## ... #.....#
###......
#.#.#.##......#..
#@#.#..#.........
#K#.##.#.......#.#
##.#............#.#
......()#.......#.#
##...#...##.##..)..
...#.##............
.#.#.##.#...#......
..................
..##...##.......


You could see a kobold brigand.

Vanquished Creatures
  An orc wizard (D:3)
  3 gnolls
  3 adders
  A worm (D:4)
  2 dart slugs
  2 orcs (D:3)
  4 endoplasms
  A giant cockroach (D:2)
  3 hobgoblins
  3 jackals (D:2)
  3 quokkas
  A ball python (D:2)
  A bat (D:2)
  2 frilled lizards
  5 goblins
  5 kobolds
  3 rats
43 creatures vanquished.

Notes
Turn   | Place    | Note
-------+----------+-------------------------------------------
     0 | D:1      | emm the Demonspawn Gladiator began the quest for the Orb.
     0 | D:1      | Reached XP level 1. HP: 16/16 MP: 1/1
    64 | D:1      | Found a faded altar of an unknown god.
   478 | D:1      | Gained mutation: A meltable shield of frost defends you.
                  | (SH +4) [demonic ancestry]
   478 | D:1      | Reached XP level 2. HP: 18/22 MP: 2/2
  1077 | D:2      | Gained mutation: You are partially covered in sharp spines.
                  | [demonic ancestry]
  1077 | D:2      | Reached XP level 3. HP: 25/27 MP: 3/3
  1877 | D:3      | Reached skill level 1 in Armour
  1877 | D:3      | Reached XP level 4. HP: 25/34 MP: 4/4
  2301 | D:4      | Noticed a kobold brigand
  2322 | D:4      | Slain by a kobold brigand

Illustrated notes

Levels and vault maps discovered:
D:1:      amcnicky_arrival_flooded_fountain, layout_basic,
          basic_ecumenical_altar
D:2:      layout_basic
D:3:      layout_basic
D:4:      layout_rooms, lemuel_crystal_altar, gammafunk_temple_overflow_statue,
          uniq_menkaure, uniq_pikel, uniq_crazy_yiuf_cottage, uniq_grinder

Skill      XL: |  1  2  3 |
---------------+----------+-----
Throwing       | 2 |  2.0
Axes           | 3 |  3.5
Dodging        | 3 |  3.3
Armour         | 1 |  1.7
Fighting       | |  2.8
Stealth        | |  0.2
Shields        | |  0.3

Action                   |  1- 3 |  4- 6 || total
-------------------------+-------+-------++-------
Melee: War axe           |    93 |    39 ||   132
Evoke: Wand              |       |     2 ||     2
  Use: Potion            |       |     1 ||     1
Armor: Leather armour    |    23 |       ||    23
       Troll leather arm |    12 |     8 ||    20
Dodge: Dodged            |    54 |    24 ||    78
Block: Other             |    18 |     9 ||    27

Table legend: (Time is in decaauts)
 A = Elapsed time spent in this place.
 B = Non-inter-level travel time spent in this place.
 C = Inter-level travel time spent in this place.
 D = Time resting spent in this place.
 E = Time spent auto-exploring this place.
 F = Levels seen in this place.
 G = Mean time per level.
                   A        B        C        D        E       F      G
               +--------+--------+--------+--------+--------+-----+--------+
         Total |   2366 |   2251 |    115 |      7 |   1682 |   4 |  591.5 |
       Dungeon |   2366 |   2251 |    115 |      7 |   1682 |   4 |  591.5 |
               +--------+--------+--------+--------+--------+-----+--------+

Top non-repeatable levels by time:
     D:2: 1054 daAuts
     D:1: 641 daAuts
     D:3: 538 daAuts
     D:4: 131 daAuts
